 Dungeon Crawl Stone Soup version 0.31.0-12-g77e489cdc1 (webtiles) character file.

Game seed: 10932508065530117508

47 Smegmus the Shooter (level 3, 0/28 HPs)
             Began as a Formicid Hunter on Feb 22, 2024.
             Succumbed to a gnoll's poison
             ... on level 2 of the Dungeon.
             The game lasted 00:18:41 (1662 turns).

Smegmus the Shooter (Formicid Hunter)               Turns: 1662, Time: 00:18:42

Health: 0/28       AC:  5    Str: 15    XL:     3   Next: 97%
Magic:  3/3        EV: 11    Int:  8    God:
Gold:   47         SH:  0    Dex: 19    Spells: 2/2 levels left

rFire   . . .        a - +0 shortbow
rCold   . . .        (no shield)
rNeg    . . .        p - +0 ring mail
rPois   .            (helmet unavailable)
rElec   .            (no cloak)
rCorr   .            (no gloves)
SInv    +            (no boots)
Will    .....        (no amulet)
Stlth   +            (no ring)
HPRegen 0.24/turn    (no ring)
MPRegen 0.08/turn

%: no passive effects
@: lethally poisoned (0 -> -10)
A: permanent stasis, dig shafts and tunnels, antennae 3, four strong arms
a: Dig, Shaft Self


You were on level 2 of the Dungeon.
You visited 1 branch of the dungeon, and saw 2 of its levels.

You collected 47 gold pieces.

Inventory:

Hand Weapons
 a - a +0 shortbow (weapon)
 e - a +0 dagger
 f - a +0 short sword
 h - a +0 whip
 i - a +0 short sword
 j - a +0 dagger
 m - a +0 dagger of venom
Armour
 c - a +0 leather armour
 p - a +0 ring mail (worn)
Scrolls
 b - a scroll of butterflies
 d - 2 scrolls of identify {unknown}
 k - a scroll of immolation {unknown}
 l - a scroll of fear {unknown}
 n - a scroll of teleportation {unknown}
 o - a scroll of poison {unknown}
Potions
 g - 2 potions of curing {unknown}


   Skills:
 + Level 2.7 Fighting
 + Level 4.8 Ranged Weapons
 + Level 1.0 Armour
 + Level 1.8 Dodging
 + Level 1.2 Stealth


You had 2 spell levels left.
You didn't know any spells.
Your spell library was empty.

Dungeon Overview and Level Annotations

Branches:
Dungeon (2/15)

Altars:

Shops:
D:1 ?


Innate Abilities, Weirdness & Mutations

You cannot be hasted, slowed, berserked, paralysed or teleported.
You can dig through walls and to a lower floor.
You have a pair of large antennae on your head. (SInv)
Your four strong arms can wield two-handed weapons with a shield.


Message History

You feel sick.
You feel sick. The gnoll attacks as it pursues you!
The gnoll closely misses you.
You feel sick.
You feel sick.
You feel sick.
You feel sick.
You feel sick.
You are no longer poisoned.
You shoot an arrow. The arrow completely misses the bat.
The arrow closely misses the gnoll.
The arrow hits the gnoll.
The gnoll is moderately wounded.
The bat misses you.
You shoot an arrow. The arrow barely misses the bat.
The bat hits you but does no damage.
The gnoll hits you from afar with a +1 spear of venom.
You are poisoned.
You are too injured to fight recklessly!
You are too injured to fight recklessly!
You are too injured to fight recklessly!
You are too injured to fight recklessly!
You are too injured to fight recklessly!
You shoot an arrow. The arrow hits the gnoll.
You kill the gnoll!
You feel very sick. The bat hits you but does no damage.
The gnoll closely misses you.
You feel sick. The bat hits you.
* * * LOW HITPOINT WARNING * * *
The gnoll barely misses you. x2
Things that are here:
a +0 whip; a gnoll corpse You shoot an arrow.
The arrow closely misses the gnoll.
You feel sick. The bat hits you but does no damage.
The gnoll closely misses you. The gnoll barely misses you.
The gnoll hits you with a +1 spear of venom.
* * * LOW HITPOINT WARNING * * *
You are more poisoned.
You shoot an arrow. The arrow hits the gnoll.
The gnoll is severely wounded.
You die...

..###....##..# #.# ###
#.##..#.####.# #
#.###.....##.# # #.#
##.##..#.# #
##.####.###...#####
####....#............#
........#.#..........#
####....#.#....gg....#
#....#.#....b@....#
######.#....>.....#
#....#..........#
#.####......†...# ##.#
#..........# #..#
#..........# ####
#..........#
############


You could see 2 gnolls and a bat.

Vanquished Creatures
  A gnoll (D:2)
  3 dart slugs
  3 endoplasms
  2 giant cockroaches (D:1)
  A goblin (D:2)
  4 hobgoblins (D:1)
  A quokka (D:2)
  5 ball pythons
  3 bats
  2 frilled lizards
  6 kobolds
  3 rats
34 creatures vanquished.

Notes
Turn   | Place    | Note
-------+----------+-------------------------------------------
     0 | D:1      | Smegmus the Formicid Hunter began the quest for the Orb.
     0 | D:1      | Reached XP level 1. HP: 16/16 MP: 1/1
    46 | D:1      | Found Izoewiff's Magic Scroll Shop.
   340 | D:1      | Reached XP level 2. HP: 22/23 MP: 2/2
  1340 | D:2      | Reached XP level 3. HP: 28/28 MP: 3/3
  1590 | D:2      | Reached skill level 1 in Armour
  1662 | D:2      | Succumbed to a gnoll's poison

Illustrated notes

Levels and vault maps discovered:
D:1:      erik_arrival_blinker_ship, layout_loops_corners, serial_shops, shop
D:2:      cheibrodos_helix_gallery, layout_rooms, kennysheep_cross_room,
          serial_park_tiny_pond, uniq_robin

Skill      XL: |  1  2  3 |
---------------+----------+-----
Armour         | 1 |  1.0
Fighting       | |  2.7
Ranged Weapons | |  4.8
Dodging        | |  1.8
Stealth        | |  1.2

Action                     || total
---------------------------++-------
   Fire: Shortbow          ||    76
 Armour: Leather armour    ||    10
         Ring mail         ||    10
  Dodge: Dodged            ||    18
